 Dungeon Crawl Stone Soup version 0.30-a0-738-g116ff8c4af (webtiles) character file.

Game seed: 2710532482684294242

278 mopl the Shooter (level 6, 0/38 HPs)
             Began as a Barachi Hexslinger on Feb 3, 2023.
             Was an Initiate of Okawaru.
             Succumbed to an adder's poison
             ... on level 4 of the Dungeon.
             The game lasted 00:03:52 (2079 turns).

mopl the Shooter (Barachi Hexslinger)               Turns: 2079, Time: 00:03:52

Health: 0/38       AC:  5    Str: 14    XL:     6   Next: 26%
Magic:  2/8        EV: 11    Int: 13    God:    Okawaru [......]
Gold:   102        SH:  0    Dex: 12    Spells: 6/7 levels left

rFire   . . .      SeeInvis .    a - +3 sling
rCold   . . .      Faith    .    (no shield)
rNeg    . . .      Spirit   +    k - +0 ring mail
rPois   .          Reflect  .    (no helmet)
rElec   .          Harm     .    (no cloak)
rCorr   .          Rampage  .    (no gloves)
Will    .....                    (no boots)
Stlth   +                        h - amulet of guardian spirit
HPRegen 0.26/turn                (no ring)
MPRegen 0.11/turn                (no ring)

@: brilliant, lethally poisoned (0 -> -1), unable to hop, flying, invisible,
slow
A: amphibious, slowness 1, strong legs 1, +LOS, frail 1, high MP 1, wild magic 1
a: Hop, Renounce Religion


You were on level 4 of the Dungeon.
You worshipped Okawaru.
Okawaru was noncommittal.
You visited 1 branch of the dungeon, and saw 4 of its levels.

You collected 102 gold pieces.

Inventory:

Hand Weapons
 a - a +3 sling (weapon)
Missiles
 g - 6 poisoned darts
 q - a boomerang
Armour
 k - a +0 ring mail (worn)
Jewellery
 h - an amulet of guardian spirit (around neck)
Scrolls
 b - 2 scrolls of poison
 c - 2 scrolls of magic mapping {unknown}
 e - a scroll of amnesia {unknown}
 f - a scroll of teleportation {unknown}
 j - a scroll of fog {unknown}
 p - a scroll of butterflies {unknown}
 s - 2 scrolls of identify {unknown}
 t - a scroll of enchant weapon {unknown}
Potions
 d - a potion of flight
 l - a potion of berserk rage {unknown}
 m - a potion of attraction {unknown}
 n - a potion of mutation {!q}
 o - a potion of haste {unknown}
 r - a potion of brilliance


   Skills:
 - Level 1.2 Fighting
 * Level 6.2 Ranged Weapons
 - Level 2.1 Dodging
 - Level 1.1 Spellcasting
 - Level 3.2 Hexes
 + Level 1.0 Invocations


You had 6 spell levels left.
You knew the following spells:

 Your Spells              Type           Power      Damage    Failure   Level
a - Slow                  Hex            72%        N/A       22%         1

Your spell library contained the following spells:

 Spells                   Type           Power      Damage    Failure   Level
 Apportation              Tloc           2%         N/A       58%         1
 Scorch                   Fire           2%         2d5       73%         2
 Inner Flame              Hex/Fire       9%         N/A       73%         3
 Portal Projectile        Hex/Tloc       18%        N/A       73%         3
 Cause Fear               Hex            9%         N/A       88%         4
 Ozocubu's Armour         Ice            1%         N/A       90%         3
 Flame Wave               Conj/Fire      1%         2d4       100%        4
 Alistair's Intoxication  Tmut/Pois      0%         N/A       100%        5
 Ozocubu's Refrigeration  Ice            0%         4d7       100%        7
 Summon Cactus Giant      Summ           Unusable   N/A       N/A         6

Dungeon Overview and Level Annotations

Branches:
Dungeon (4/15)             Temple (0/1) D:4

Altars:
Okawaru

Annotations:
D:4 dig


Innate Abilities, Weirdness & Mutations

You are amphibious.
You cover ground slowly.
You can hop short distances.
You have an extended range of vision and can be seen from far away.
You are frail. (-10% HP)
You have an increased reservoir of magic. (+10% MP)
Your spells are a little harder to cast, but a little more powerful.


Message History

* * * LOW HITPOINT WARNING * * *
You are more poisoned.
The adder poisons you! The orc hits you but does no damage.
Unknown command.
Fire: a) +3 sling
Press: ? - help, Q - select action, (/) - cycle Shift-Dir - straight line, f/p - adder
Aim: an adder (44% to hit)
You shoot a sling bullet.
The sling bullet barely misses the adder.
You feel sick. The adder bites you but does no damage.
The orc hits you with a +0 whip.
* * * LOW HITPOINT WARNING * * *
Unknown command.
It was a potion of flight.
You feel very buoyant.
You fly up into the air.
* * * LOW HITPOINT WARNING * * *
You feel sick. The adder closely misses you. The orc closely misses you.
It was a potion of mutation.
You feel extremely strange.
You feel more energetic.
You feel less in control of your magic.
You feel frail.
* * * LOW HITPOINT WARNING * * *
You feel sick.
The adder bites you but does no damage. x2
The orc barely misses you.
It was a potion of brilliance.
You feel clever all of a sudden.
* * * LOW HITPOINT WARNING * * *
You feel sick. The adder barely misses you. The orc closely misses you.
Fire: a) +3 sling
Press: ? - help, Q - select action, (/) - cycle Shift-Dir - straight line, f/p - adder
Aim: an adder (44% to hit)
You shoot a sling bullet.
The sling bullet closely misses the adder.
* * * LOW HITPOINT WARNING * * *
You feel sick. The adder bites you but does no damage. The orc misses you.
The adder bites you.
Unknown command.
It was a potion of invisibility.
You fade into invisibility!
You die...

#....#########.# ##
#.####........##.# ###
#.............##.# #..
######........# ##..
###...###### #...
#.........# ##### #...
#.........###+#..........#
#...............# ......#
#........@o.....# ......#
###...####S.....# ......#
#...# #.)...># ####..#
#...# #..)).?# #...
#.............# #...
#....###........ .... #..
####+#.### #### ... .#


You could see an adder (unable to see you) and an orc (unable to see you).

Vanquished Creatures
  A jelly (D:4)
  Jessica (D:3)
  Terence (D:3)
  2 orc wizards
  3 gnolls (D:3)
  2 adders
  A worm (D:2)
  2 dart slugs
  16 orcs
  6 ball pythons
  9 endoplasms
  A giant cockroach (D:1)
  3 goblins
  5 hobgoblins
  4 jackals (D:1)
  2 quokkas (D:2)
  5 bats
  3 frilled lizards
  7 kobolds
  6 rats
80 creatures vanquished.

Vanquished Creatures (others)
  An orc (D:3)
1 creature vanquished.

Grand Total: 81 creatures vanquished

Notes
Turn   | Place    | Note
-------+----------+-------------------------------------------
     0 | D:1      | mopl the Barachi Hexslinger began the quest for the Orb.
     0 | D:1      | Reached XP level 1. HP: 15/15 MP: 2/2
   112 | D:1      | Reached XP level 2. HP: 19/21 MP: 3/3
   264 | D:1      | Reached skill level 3 in Ranged Weapons
   575 | D:1      | Reached XP level 3. HP: 26/26 MP: 4/4
   788 | D:2      | Identified the +2 robe "Hode" {Rampage +Inv rN+ Int-3}
  1189 | D:2      | Reached skill level 4 in Ranged Weapons
  1370 | D:2      | Reached XP level 4. HP: 32/32 MP: 5/5
  1574 | D:3      | Reached skill level 5 in Ranged Weapons
  1574 | D:3      | Reached XP level 5. HP: 31/37 MP: 6/6
  1590 | D:3      | Noticed Jessica
  1595 | D:3      | Killed Jessica
  1671 | D:3      | Found an iron altar of Okawaru.
  1705 | D:3      | Became a worshipper of Warmaster Okawaru
  1758 | D:3      | Noticed Terence
  1774 | D:3      | Killed Terence
  1942 | D:4      | Reached skill level 6 in Ranged Weapons
  1942 | D:4      | Reached XP level 6. HP: 43/43 MP: 7/7
  1958 | D:4      | Found a staircase to the Ecumenical Temple.
  1981 | D:4      | Reached skill level 1 in Invocations
  2076 | D:4      | Gained mutation: You have an increased reservoir of magic.
                  | (+10% MP) [potion of mutation]
  2076 | D:4      | Gained mutation: Your spells are a little harder to cast,
                  | but a little more powerful. [potion of mutation]
  2076 | D:4      | Gained mutation: You are frail. (-10% HP) [potion of
                  | mutation]
  2077 | D:4      | HP: 1/38 [poisoned by an adder]
  2079 | D:4      | Succumbed to an adder's poison

Illustrated notes

Levels and vault maps discovered:
D:1:      dpeg_arrival_prison, layout_basic, minivault_11
D:2:      layout_basic, serial_bayou_pond_b
D:3:      layout_rooms, okawaru_metal_pillars_1_2, uniq_terence, uniq_jessica
D:4:      layout_basic, grunt_temple_overflow_open,
          minmay_temple_entry_sparse_star, due_unseen_surprise

Skill      XL: |  1  2  3  4  5  6 |
---------------+-------------------+-----
Ranged Weapons | 3 4 5 6 |  6.2
Invocations    | 1 |  1.0
Fighting       | |  1.2
Dodging        | |  2.1
Spellcasting   | |  1.1
Hexes          | |  3.2

Action                     |  1- 3 |  4- 6 || total
---------------------------+-------+-------++-------
  Melee: Unarmed           |     4 |       ||     4
         Punch             |     1 |       ||     1
         Sling             |       |     1 ||     1
   Fire: Sling             |   119 |   149 ||   268
   Cast: Slow              |     1 |       ||     1
Ability: Hop               |     1 |     1 ||     2
    Use: Potion            |       |     4 ||     4
 Armour: Robe              |     1 |       ||     1
         Ring mail         |    33 |    38 ||    71
  Dodge: Dodged            |    47 |    66 ||   113

Table legend: (Time is in decaauts)
 A = Elapsed time spent in this place.
 B = Non-inter-level travel time spent in this place.
 C = Inter-level travel time spent in this place.
 D = Time resting spent in this place.
 E = Time spent auto-exploring this place.
 F = Levels seen in this place.
 G = Mean time per level.
                   A        B        C        D        E       F      G
               +--------+--------+--------+--------+--------+-----+--------+
         Total |   2479 |   2340 |    139 |     83 |   1699 |   4 |  619.8 |
       Dungeon |   2479 |   2340 |    139 |     83 |   1699 |   4 |  619.8 |
               +--------+--------+--------+--------+--------+-----+--------+

Top non-repeatable levels by time:
     D:1: 937 daAuts
     D:2: 854 daAuts
     D:3: 519 daAuts
     D:4: 168 daAuts
